 Dungeon Crawl Stone Soup version 0.30-a0-42-g806c11bf1d (webtiles) character file.

Game seed: 18162548466407779145

282 Newt the Trooper (level 6, -4/48 HPs)
             Began as a Demonspawn Gladiator on Aug 30, 2022.
             Killed by divine providence
             ... invoked by an orc priest
              (9 damage)
             ... on level 4 of the Dungeon.
             The game lasted 00:03:12 (2770 turns).

Newt the Trooper (Demonspawn Gladiator)             Turns: 2770, Time: 00:03:13

Health: -4/48      AC:  5    Str: 14    XL:     6   Next: 6%
Magic:  6/6        EV: 11    Int: 10    God:
Gold:   130        SH:  8    Dex: 22    Spells: 5/5 levels left

rFire   . . .      SeeInvis .    p - +1 flail (vorpal)
rCold   . . .      Faith    .    s - +0 kite shield
rNeg    . . .      Spirit   .    b - +0 leather armour
rPois   .          Reflect  .    c - +0 helmet
rElec   .          Harm     .    l - +0 cloak
rCorr   .          Rampage  .    (no gloves)
Will    .....                    (no boots)
Stlth   ++........               (no amulet)
HPRegen 0.16/turn                k - +6 ring of dexterity
MPRegen 0.10/turn                (no ring)

@: no status effects
A: foul stench 1, powered by death 1
a: no special abilities


You were on level 4 of the Dungeon.
You visited 1 branch of the dungeon, and saw 4 of its levels.

You collected 130 gold pieces.

Inventory:

Hand Weapons
 a - a +0 rapier
 p - a +1 vorpal flail (weapon)
Missiles
 d - 3 throwing nets (quivered)
 e - 7 javelins
 m - 6 boomerangs
Armour
 b - a +0 leather armour (worn)
 c - a +0 helmet (worn)
 l - a +0 cloak (worn)
 s - a +0 kite shield (worn)
Jewellery
 g - an amulet of faith
 k - a +6 ring of dexterity (left hand)
 q - an amulet of regeneration
Scrolls
 h - a scroll of identify
 r - a scroll of teleportation
Potions
 f - a potion of degeneration
 j - 5 potions of curing
 n - a potion of resistance {unknown}
 o - 2 potions of flight {unknown}


   Skills:
 - Level 4.0 Fighting
 - Level 2.6 Short Blades
 + Level 3.8 Maces & Flails
 - Level 1.7 Throwing
 - Level 2.6 Dodging
 - Level 2.0 Stealth


You had 5 spell levels left.
You didn't know any spells.
Your spell library contained the following spells:

 Spells                   Type           Power      Damage    Failure   Level
 Tukima's Dance           Hex            0%         N/A       99%         3
 Passage of Golubria      Tloc           0%         N/A       100%        4
 Yara's Violent Unravell  Hex/Tmut       0%         3d3       100%        5


Dungeon Overview and Level Annotations

Branches:
Dungeon (4/15)
 Temple: D:4-7

Altars:

Shops:
D:1 (   D:2 *


Innate Abilities, Weirdness & Mutations

You may rarely emit foul miasma when damaged in melee.
You regenerate a little health from kills.


Message History

The orc priest misses you.
You hit the orc priest.
The orc priest is severely wounded.
The orc priest miscasts a cantrip.
You block the orc priest's attack.
You barely miss the orc priest.
The orc priest is severely wounded.
The orc priest calls down the wrath of Beogh upon you.
Beogh smites you!
The orc priest mumbles some strange prayers to Beogh against you.
You barely resist.
You hit the orc priest but do no damage.
The orc priest is severely wounded.
The orc priest looks braver for a moment.
The orc priest closely misses you. The orc wizard barely misses you.
You block the orc wizard's attack.
You closely miss the orc priest.
The orc priest is severely wounded.
The orc priest closely misses you.
The orc priest calls down the wrath of Beogh upon you.
Beogh smites you! You block the orc wizard's attack.
The orc priest mumbles some strange prayers to Beogh against you.
Beogh smites you!
* * * LOW HITPOINT WARNING * * *
The orc priest barely misses you.
The orc wizard hits you but does no damage.
You hit the orc priest.
The orc priest is almost dead.
The orc wizard hits you with a +2 dagger of speed.
* * * LOW HITPOINT WARNING * * *
You block the orc priest's attack. The orc priest closely misses you.
The orc wizard hits you with a +2 dagger of speed.
* * * LOW HITPOINT WARNING * * *
You hit the orc priest.
The orc priest is almost dead.
The orc priest hits you with a +0 club.
* * * LOW HITPOINT WARNING * * *
The orc priest calls down the wrath of Beogh upon you.
Beogh smites you!
You die...

#.# ###########.#
#.....).....#
#.########### #.#
###### #.# #.....
#.#
##....o####.#######
......o@)..........
##....o.###########
......).# ...######
.. #


You could see 2 orc priests and an orc wizard.

Vanquished Creatures
  An ogre (D:4)
  An orc priest (D:4)
  An iguana (D:3)
  Terence (D:2)
  An orc wizard (D:3)
  An adder (D:3)
  2 worms
  2 dart slugs (D:2)
  7 orcs
  7 endoplasms
  2 giant cockroaches
  4 goblins
  7 hobgoblins
  3 jackals (D:1)
  6 kobolds
  A quokka (D:1)
  4 ball pythons
  6 bats
  5 frilled lizards
  7 rats
69 creatures vanquished.

Vanquished Creatures (collateral kills)
  A rat (D:3)
1 creature vanquished.

Grand Total: 70 creatures vanquished

Notes
Turn   | Place    | Note
-------+----------+-------------------------------------------
     0 | D:1      | Newt the Demonspawn Gladiator began the quest for the Orb.
     0 | D:1      | Reached XP level 1. HP: 16/16 MP: 1/1
   198 | D:1      | Reached skill level 1 in Stealth
   267 | D:1      | Gained mutation: You regenerate a little health from kills.
                  | [demonic ancestry]
   267 | D:1      | Reached XP level 2. HP: 22/22 MP: 2/2
   439 | D:1      | Found Bukegai's Weapon Emporium.
   927 | D:2      | Gained mutation: You may rarely emit foul miasma when
                  | damaged in melee. [demonic ancestry]
   927 | D:2      | Reached XP level 3. HP: 27/28 MP: 3/3
  1022 | D:2      | Reached skill level 3 in Fighting
  1256 | D:2      | Noticed Terence
  1270 | D:2      | Killed Terence
  1271 | D:2      | Reached XP level 4. HP: 29/37 MP: 4/4
  1344 | D:2      | Found a faded altar of an unknown god.
  1394 | D:2      | Found Vazolareem's General Store.
  1888 | D:3      | Reached skill level 4 in Fighting
  2170 | D:3      | Reached skill level 1 in Maces & Flails
  2435 | D:3      | Reached XP level 5. HP: 40/42 MP: 5/5
  2589 | D:4      | Noticed an ogre
  2596 | D:4      | Killed an ogre
  2757 | D:4      | Reached XP level 6. HP: 14/48 MP: 6/6
  2770 | D:4      | Killed from afar by an orc priest

Illustrated notes

Levels and vault maps discovered:
D:1:      minmay_arrival_loop, layout_rooms, serial_shops, nicolae_square_shop,
          chequers_serial_rivers_micro_c, nrook_uturn
D:2:      layout_basic, serial_shops, shop, shapermc_ecumenical_altar_ellora,
          uniq_terence
D:3:      layout_loops_cross, minivault_5, minmay_misc_feat_columns,
          minmay_misc_feat_four_crosses
D:4:      layout_loops_ring, chequers_avenue

Skill      XL: |  1  2  3  4  5 |
---------------+----------------+-----
Stealth        | 1 2 |  2.0
Fighting       | 3 4 |  4.0
Maces & Flails | 2 3 |  3.8
Short Blades   | |  2.6
Throwing       | |  1.7
Dodging        | |  2.6

Action                   |  1- 3 |  4- 6 || total
-------------------------+-------+-------++-------
Melee: Rapier            |    99 |     6 ||   105
       Flail             |       |    71 ||    71
Throw: Javelin           |     1 |       ||     1
       Throwing net      |     1 |       ||     1
  Use: Scroll            |     3 |     6 ||     9
       Potion            |       |     1 ||     1
 Stab: Sleeping          |     5 |     3 ||     8
       Held in net/web   |     2 |       ||     2
       Distracted        |     1 |       ||     1
Armor: Leather armour    |    31 |    20 ||    51
Dodge: Dodged            |    66 |    38 ||   104
Block: Kite shield       |       |    23 ||    23

Table legend: (Time is in decaauts)
 A = Elapsed time spent in this place.
 B = Non-inter-level travel time spent in this place.
 C = Inter-level travel time spent in this place.
 D = Time resting spent in this place.
 E = Time spent auto-exploring this place.
 F = Levels seen in this place.
 G = Mean time per level.
                   A        B        C        D        E       F      G
               +--------+--------+--------+--------+--------+-----+--------+
         Total |   2807 |   2713 |     94 |      0 |   2177 |   4 |  701.8 |
       Dungeon |   2807 |   2713 |     94 |      0 |   2177 |   4 |  701.8 |
               +--------+--------+--------+--------+--------+-----+--------+

Top non-repeatable levels by time:
     D:2: 974 daAuts
     D:1: 888 daAuts
     D:3: 750 daAuts
     D:4: 194 daAuts
